 Dungeon Crawl Stone Soup version 0.31-a0-1074-g0b22e4e0f1 (webtiles) character file.

Game seed: 12538774924681801000

5565 Curundu the Nimble (level 10, -1/86 HPs)
             Began as a Yellow Draconian Berserker on Dec 8, 2023.
             Was an Elder of Trog.
             Succumbed to a water moccasin's poison
             ... on level 8 of the Dungeon.
             The game lasted 01:02:40 (10695 turns).

Curundu the Nimble (Yellow Draconian Berserker)    Turns: 10695, Time: 01:02:40

Health: -1/86      AC: 11    Str: 22    XL:     10   Next: 44%
Magic:  19/19      EV: 15    Int:  8    God:    Trog [****..]
Gold:   741        SH: 14    Dex: 18    Spells: 9/9 levels left

rFire   . . .        t - +2 mace (protect)
rCold   . . .        B - +4 kite shield
rNeg    . . .        (body armour unavailable)
rPois   .            (helmet restricted)
rElec   .            x - +0 cloak
rCorr   +            (no gloves)
SInv    .            A - +2 pair of boots {Fly}
Will    .....        (no amulet)
Stlth   +++          s - ring of magical power
HPRegen 0.34/turn    l - +6 ring of dexterity
MPRegen 0.16/turn

%: no passive effects
@: lethally poisoned (-1 -> -7), flying
A: spit acid, AC +7, unfitting armour, cold-blooded, acid resistance
a: Breathe Acid, Renounce Religion, Berserk, Trog's Hand, Brothers in Arms


You were on level 8 of the Dungeon.
You worshipped Trog.
Trog was greatly pleased with you.
You visited 2 branches of the dungeon, and saw 9 of its levels.
You also visited: Sewer.

You collected 741 gold pieces.

Inventory:

Hand Weapons
 a - a +5 short sword
 p - a +1 dagger of draining
 t - a +2 mace of protection (weapon)
 y - the +0 trident of Cogg {vamp, +Blink rC+ Will+}
   (You found it on level 5 of the Dungeon)

   rC+:       It protects you from cold.
   Will+:     It increases your willpower.
   +Blink:    It lets you blink.
Missiles
 n - 10 poisoned darts
Armour
 x - a +0 cloak (worn)
 A - a +2 pair of boots of flying (worn)
 B - a +4 kite shield (worn)
Jewellery
 l - a +6 ring of dexterity (right hand)
 s - a ring of magical power (left hand)
Wands
 v - a wand of flame (40)
 D - a wand of iceblast (11)
Scrolls
 b - 2 scrolls of fear
 f - 3 scrolls of silence
 g - a scroll of amnesia
 i - a scroll of teleportation
 j - a scroll of immolation {unknown}
 m - a scroll of enchant weapon {unknown}
 q - 4 scrolls of blinking
 u - a scroll of brand weapon {unknown}
 z - a scroll of vulnerability
 C - a scroll of noise {unknown}
 E - a scroll of butterflies {unknown}
Potions
 c - 2 potions of curing {unknown}
 d - a potion of berserk rage {unknown}
 e - a potion of brilliance {unknown}
 h - a potion of enlightenment
 k - a potion of lignification {unknown}
 o - a potion of degeneration {unknown}
 r - a potion of cancellation {unknown}
 w - 2 potions of mutation {unknown}


   Skills:
 + Level 7.4 Fighting
 + Level 5.8 Short Blades
 + Level 4.6(6.2) Axes
 + Level 6.3(7.0) Maces & Flails
 + Level 1.1 Throwing
 + Level 8.0 Dodging
 + Level 3.3 Stealth
 + Level 5.3 Shields
 + Level 1.9 Evocations


You had 9 spell levels left.
You didn't know any spells.
Your spell library contained the following spells:

 Spells                   Type           Power      Damage    Failure   Level
 Blink                    Tloc           0%         N/A       80%         2
 Ensorcelled Hibernation  Hex/Ice        0%         N/A       80%         2
 Jinxbite                 Hex            0%         N/A       80%         2
 Lesser Beckoning         Tloc           0%         N/A       80%         2
 Momentum Strike          Conj/Tloc      0%         3d8       80%         2
 Inner Flame              Hex/Fire       0%         N/A       95%         3
 Anguish                  Hex/Necr       0%         N/A       100%        4
 Flame Wave               Conj/Fire      0%         2d4       100%        4
 Leda's Liquefaction      Hex/Erth       0%         N/A       100%        4
 Sticky Flame             Conj/Fire      0%         2d3       100%        4
 Lee's Rapid Deconstruct  Erth           0%         3d4*      100%        5
 Bombard                  Conj/Erth      0%         9d1       100%        6


Dungeon Overview and Level Annotations

Branches:
Dungeon (8/15)             Temple (1/1) D:4            Lair (0/5) D:8
  Sewer (visited)

Altars:
Ashenzari
Cheibriados
Dithmenos
Elyvilon
Gozag
Hepliaklqana
Kikubaaqudgha
Makhleb
Nemelex Xobeh
Okawaru
Qazlal
Ru
Sif Muna
Trog
Uskayaw
Xom
Yredelemnul
Zin
The Shining One


Innate Abilities, Weirdness & Mutations

You can spit globs of acid.
Your golden yellow scales are hard. (AC +7)
You cannot fit into any form of body armour.
You are cold-blooded and may be slowed by cold attacks.
You are resistant to acid. (rCorr)


Message History

You thump the fungus!
The fungus begins to die.
You tail-slap the fungus.
The fungus is lightly damaged.
You block the water moccasin's attack. The orc warrior completely misses you.
You block the water moccasin's attack.
The orc warrior hits you with a +0 dire flail!
* * * LOW HITPOINT WARNING * * *
You block the water moccasin's attack.
The orc warrior attacks as it pursues you!
The orc warrior closely misses you.
The orc wizard casts a spell.
The orc wizard flickers and vanishes!
The water moccasin attacks as it pursues you!
The water moccasin bites you.
* * * LOW HITPOINT WARNING * * *
You are lethally poisoned!
The water moccasin poisons you!
As you read the scroll of teleportation, it crumbles to dust.
You feel strangely unstable.
* * * LOW HITPOINT WARNING * * *
You feel very sick.
A nearby fungus withers and dies.
The water moccasin bites you but does no damage.
You block the orc warrior's attack.
The water moccasin bites you but does no damage.
* * * LOW HITPOINT WARNING * * *
You feel very sick. The orc hits you but does no damage.
The orc warrior hits the plant with a +0 dire flail!
The plant begins to die.
You hit the plant.
The plant begins to die.
The plant is lightly damaged.
Your surroundings seem slightly different.
Found a scroll labelled OQOWEL BERO.
* * * LOW HITPOINT WARNING * * *
You feel sick.
The water moccasin bites the plant!
Activating: Brothers in Arms (38% risk of failure)
Press: ? - help, Q - select action, (/) - cycle Dir - look around, f - activate Your ogre goes berserk!
You have got your breath back.
You die...

o.................P.P......###..
.........P...P........:.......#..
o.......P.P.........P.......#Y...
###### #.......P>..P...P.<..S....
#.....P......P.......####. .#
#......{...o.........# #.
...........P......O.§P..##### #.
.......##....P...oSP...## ##
....... #.P.P...@o.....# ......
##.............# .....
#.............# .^..
##)P........#.# #P.....P.......
###............ #####......?
.......


You could see an orc warrior, a water moccasin, an orc priest (ally target), an
orc and a friendly ogre (summoned, berserk).

Vanquished Creatures
  A manticore (D:7)
  An unseen horror (D:7)
  A komodo dragon (D:7)
  Maggie (D:6)
  A troll (D:8)
  Grinder (D:5)
  2 yaks
  An acid dragon (D:7)
  7 water moccasins
  An ice beast (D:8)
  An orc warrior (D:7)
  A sky beast (D:7)
  A black bear (D:8)
  3 ogres
  2 centaurs
  A phantom (D:5)
  2 kobold brigands
  A gnoll sergeant (D:6)
  4 bullfrogs
  A scorpion (D:6)
  5 wights (D:6)
  3 howler monkeys (D:7)
  4 hounds
  2 jellies (D:6)
  2 orc priests
  3 gnoll boudas
  2 sleepcaps
  6 iguanas
  2 orc wizards (D:7)
  A scorpion zombie (D:5)
  2 killer bee zombies (D:5)
  A hound zombie (D:5)
  A howler monkey zombie (D:5)
  24 gnolls
  14 adders
  3 shadow imps (D:5)
  A white imp (D:7)
  2 ufetubi (D:6)
  A worm (D:4)
  A dart slug (D:4)
  10 orcs
  8 ball pythons
  7 endoplasms
  6 giant cockroaches
  10 goblins
  8 hobgoblins
  2 jackals (D:4)
  10 kobolds
  5 quokkas
  3 bats
  10 frilled lizards
  6 rats
199 creatures vanquished.

Notes
Turn   | Place    | Note
-------+----------+-------------------------------------------
     0 | D:1      | Curundu the Draconian Berserker began the quest for the
                  | Orb.
     0 | D:1      | Reached XP level 1. HP: 19/19 MP: 1/1
   333 | D:1      | Reached XP level 2. HP: 25/26 MP: 2/2
   739 | D:1      | Reached skill level 3 in Dodging
  1870 | D:2      | Reached XP level 3. HP: 32/33 MP: 3/3
  2345 | D:3      | Reached ** piety under Trog
  2564 | D:3      | Found a faded altar of an unknown god.
  2916 | D:3      | Reached XP level 4. HP: 35/40 MP: 4/4
  3327 | D:4      | Reached XP level 5. HP: 31/46 MP: 5/5
  3589 | D:4      | Found a staircase to the Ecumenical Temple.
  3608 | Temple   | Entered the Ecumenical Temple
  3833 | D:4      | Reached skill level 4 in Dodging
  4266 | D:4      | Reached skill level 1 in Short Blades
  4469 | D:5      | Entered Level 5 of the Dungeon
  4478 | D:5      | Found a transporter.
  4493 | D:5      | Reached XP level 6. HP: 53/53 MP: 6/6
  4505 | D:5      | Reached skill level 1 in Stealth
  4507 | D:5      | Found a transporter.
  4821 | D:5      | Found an opulent altar of Gozag.
  4821 | D:5      | Found a burning altar of Makhleb.
  4853 | D:5      | Reached skill level 1 in Evocations
  4872 | D:5      | Your scales start taking on a golden yellow colour.
  4872 | D:5      | Reached XP level 7. HP: 60/60 MP: 7/7
  4872 | D:5      | Gained mutation: You are resistant to acid. (rCorr) [Yellow
                  | Draconian growth]
  4957 | D:5      | Identified the +0 trident of Cogg {vamp, +Blink rC+ Will+}
  4998 | D:5      | Found a glowing drain.
  5018 | Sewer    | Entered a sewer
  5126 | Sewer    | Reached *** piety under Trog
  5187 | Sewer    | Reached skill level 5 in Fighting
  5363 | Sewer    | Identified the +1 plate armour of Light {rC++}
  5642 | D:5      | Found a basalt altar of Yredelemnul.
  5831 | D:5      | Reached skill level 5 in Dodging
  5854 | D:5      | Noticed Grinder
  5902 | D:5      | Killed Grinder
  5956 | D:5      | Identified the +3 leather armour of Summertime {Drain rElec
                  | rPois Regen+}
  6332 | D:6      | Reached XP level 8. HP: 66/69 MP: 8/8
  6644 | D:6      | Reached skill level 5 in Short Blades
  6689 | D:6      | Noticed Maggie
  6718 | D:6      | Killed Maggie
  6719 | D:6      | Reached skill level 6 in Dodging
  7155 | D:6      | Reached skill level 1 in Maces & Flails
  7362 | D:6      | Reached XP level 9. HP: 73/77 MP: 9/9
  8082 | D:7      | Reached **** piety under Trog
  8083 | D:7      | Reached skill level 7 in Dodging
  8096 | D:7      | Reached skill level 1 in Shields
  8280 | D:7      | Noticed a manticore
  8294 | D:7      | Killed a manticore
  8295 | D:7      | Reached skill level 5 in Maces & Flails
  8537 | D:7      | Noticed a komodo dragon
  8550 | D:7      | Killed a komodo dragon
  8962 | D:7      | Reached XP level 10. HP: 75/86 MP: 10/10
  9049 | D:7      | Reached skill level 1 in Throwing
 10617 | D:8      | Reached skill level 8 in Dodging
 10617 | D:8      | Reached skill level 5 in Shields
 10661 | D:8      | Found a staircase to the Lair.
 10693 | D:8      | HP: 2/86 [poisoned by a water moccasin]
 10695 | D:8      | Succumbed to a water moccasin's poison

Illustrated notes

Levels and vault maps discovered:
D:1:      matt_arrival_diagonals, layout_basic, serial_bayou_pond_c
D:2:      layout_loops_ring, nrook_mini_vaults
D:3:      layout_basic, dreamdust_ecumenical_altar_grove
D:4:      layout_gridville, minmay_temple_entry_overgrown
D:5:      gammafunk_wand_slinger, layout_basic,
          nicolae_yredelemnul_corpse_copse, jmf_multi_god_temple,
          portal_sewer_entry_b, dreamdust_wishing_well, uniq_grinder
D:6:      layout_loops_corners, uniq_maggie
D:7:      nzn_winding_woodlands_three_and_one
          [nzn_winding_woodlands_5x15_parted,
          nzn_winding_woodlands_5x15_crooked, nzn_winding_woodlands_5x15_pool,
          nzn_winding_woodlands_center_triple_pond], layout_loops_cross,
          enter_bailey_5
D:8:      layout_basic, due_lair_maze_entry_diamond
Temple:   eino_temple_rhombus

Skill      XL: |  1  2  3  4  5  6  7  8  9 10 |
---------------+-------------------------------+-----
Dodging        | 3 4 5 6 7 8 |  8.0
Fighting       | 4 5 6 7 |  7.4
Axes           | 4 |  4.6
Short Blades   | 1 2 4 5 |  5.8
Stealth        | 1 2 3 |  3.3
Evocations     | 1 |  1.9
Maces & Flails | 2 5 6 |  6.3
Shields        | 4 5 |  5.3
Throwing       | 1 |  1.1

Action                     |  1- 3 |  4- 6 |  7- 9 | 10-12 || total
---------------------------+-------+-------+-------+-------++-------
  Melee: Hand axe          |   135 |    32 |       |       ||   167
         Tailslap          |    14 |    20 |   105 |    31 ||   170
         Punch             |     1 |     2 |     8 |       ||    11
         Dagger            |       |   122 |   320 |       ||   442
         Mace              |       |       |   288 |   177 ||   465
  Throw: Dart              |       |       |     8 |       ||     8
         Throwing net      |       |       |     1 |       ||     1
 Invoke: Trog's Hand       |       |     3 |     4 |       ||     7
         Brothers in Arms  |       |       |       |     1 ||     1
Ability: Breathe Acid      |       |       |    10 |     5 ||    15
  Evoke: Wand              |       |    16 |       |     3 ||    19
    Use: Scroll            |       |     1 |     9 |     5 ||    15
         Potion            |       |       |     1 |       ||     1
   Stab: Sleeping          |     1 |     1 |     3 |       ||     5
         Held in net/web   |       |       |     3 |       ||     3
 Armour: Skin              |    59 |    89 |   380 |   158 ||   686
  Dodge: Dodged            |    86 |   105 |   479 |   107 ||   777
  Block: Kite shield       |       |       |   187 |   215 ||   402

Table legend: (Time is in decaauts)
 A = Elapsed time spent in this place.
 B = Non-inter-level travel time spent in this place.
 C = Inter-level travel time spent in this place.
 D = Time resting spent in this place.
 E = Time spent auto-exploring this place.
 F = Levels seen in this place.
 G = Mean time per level.
                   A        B        C        D        E       F      G
               +--------+--------+--------+--------+--------+-----+--------+
         Total |  10870 |  10870 |      0 |   2237 |      0 |  10 | 1087.0 |
       Dungeon |  10386 |  10386 |      0 |   2237 |      0 |   8 | 1298.2 |
        Temple |     47 |     47 |      0 |      0 |      0 |   1 |   47.0 |
         Sewer |    436 |    436 |      0 |      0 |      0 |   1 |  436.0 |
               +--------+--------+--------+--------+--------+-----+--------+

Top non-repeatable levels by time:
     D:7: 2344 daAuts
     D:6: 1762 daAuts
     D:5: 1401 daAuts
     D:3: 1285 daAuts
     D:4: 1167 daAuts
     D:1: 1079 daAuts
     D:2: 926 daAuts
   Sewer: 436 daAuts
     D:8: 419 daAuts
  Temple: 47 daAuts
